 Dungeon Crawl Stone Soup version 0.14-a0-1576-gf4c5cb9 (webtiles) character file.

205 M4edhros the Insei (level 4, -5/28 HPs)
             Began as an Octopode Transmuter on Dec 22, 2013.
             Slain by Grinder (9 damage)
             ... while paralysed by Grinder
             ... on Level 3 of the Dungeon.
             The game lasted 00:02:56 (3066 turns).

M4edhros the Insei (Octopode Transmuter)            Turns: 3066, Time: 00:02:56

HP  -5/28        AC  2     Str  9      XL: 4   Next: 73%
MP   1/7         EV  5     Int 16      God:
Gold 105         SH  0     Dex 17      Spells:  3 memorised,  1 level left

rFire  . . .     SeeInvis .       - Unarmed
rCold  . . .     Clarity  .     (shield currently unavailable)
rNeg   . . .     Conserve .     (helmet currently unavailable)
rPois  x         rCorr    .     (no amulet)
rElec  .         rRot     .     (no ring)
SustAb . .       Spirit   .     (no ring)
rMut   .         Warding  .     (no ring)
Saprov . . .     Stasis   .     (no ring)
                                (no ring)
                                (no ring)
                                (no ring)
                                (no ring)

@: spider-form (expiring), paralysed, very slightly contaminated, quick,
slightly resistant to hostile enchantments, unstealthy
A: almost no armour, amphibious, 8 rings, (constrict 8), (molten scales 0),
(camouflage 0), (gelatinous body 0)
a: End Transformation


You were on level 3 of the Dungeon.
You were very hungry.
You were in spider-form.
You visited 1 branch of the dungeon, and saw 3 of its levels.

You collected 105 gold pieces.

Inventory:

Missiles
 b - 79 arrows
Comestibles
 a - 4 bread rations
 i - an apple
 n - a choko
Scrolls
 c - a scroll of recharging {unknown}
 e - 3 scrolls of teleportation {unknown}
 f - a scroll of fog {unknown}
 g - 2 scrolls of enchant weapon I {unknown}
 h - a scroll of curse weapon {unknown}
 j - 5 scrolls of identify {unknown}
 k - 2 scrolls of noise {unknown}
Potions
 l - a potion of restore abilities
Books
 d - a book of Changes

   Spells                             Type                      Level
   *Beastly Appendage                 Transmutation                1
   *Sticks to Snakes                  Transmutation                2
   *Spider Form                       Transmutation/Poison         3
   Ice Form                           Ice/Transmutation            4
   Blade Hands                        Transmutation                5


   Skills:
 - Level 1.0 Fighting
 + Level 3.0 Dodging
 + Level 4.0 Unarmed Combat
 - Level 2.0 Spellcasting
 + Level 3.2 Transmutations


You had one spell level left.
You knew the following spells:

 Your Spells              Type           Power        Failure   Level  Hunger
a - Beastly Appendage     Trmt           ##....       21%         1    #......
b - Spider Form           Trmt/Pois      #.........   56%         3    ####...
c - Sticks to Snakes      Trmt           ##........   24%         2    ###....


Dungeon Overview and Level Annotations

Branches:
Dungeon (3/16)

Altars:

Annotations:
D:3 Grinder


Innate Abilities, Weirdness & Mutations

You cannot wear most types of armour.
You are amphibious.
You can wear up to eight rings at the same time.*
((You can use your tentacles to constrict many enemies at once.))*
((Your skin changes colour to match your surroundings (Stlth).))*
((Your rubbery body absorbs attacks (AC +1).))*
((You are partially covered in molten scales (AC +1).))*


Message History

You barely miss Grinder.
Grinder is lightly wounded.
Grinder hits you.
You writhe in agony.
You closely miss Grinder.
Grinder is lightly wounded.
Grinder gestures at you. Pain shoots through your body!
You hit Grinder.
Grinder is moderately wounded.
Grinder completely misses you.
You hit Grinder.
Grinder is moderately wounded.
Grinder gestures at you.
You suddenly lose the ability to move!
Your transformation is almost over.
Grinder hits you!
You writhe in agony.
* * * LOW HITPOINT WARNING * * *
Grinder says, "Wait up."
Grinder hits you!
You die...

.# .. ###.###.#.#
.# .... #######.#
#...# .# .....
#.......# #####
'###### ..!...
#.####### ......#
......+###.###
......#
.............#
......#
#..........##.#
..)...#
#.......>..##+###
# ......#
###.....s5......#
# .....)#
#.............# #
......#
#.............# #
......#
#............. #
......#
#...$..$...... #
......#
############# #
####### # #
########### ###


You could see Grinder.

Vanquished Creatures
  A giant mite (D:1)
  3 adders (D:2)
  A giant gecko (D:3)
  2 oozes
  An orc (D:3)
  5 bats
  6 goblins
  6 hobgoblins
  12 jackals
  9 kobolds
  A ball python (D:3)
  13 giant newts
  3 rats
63 creatures vanquished.

Notes
Turn   | Place    | Note
--------------------------------------------------------------
     0 | D:1      | M4edhros, the Octopode Transmuter, began the quest for the Orb.
     0 | D:1      | Reached XP level 1. HP: 13/13 MP: 3/3
   103 | D:1      | Reached XP level 2. HP: 15/18 MP: 4/4
   787 | D:1      | Reached XP level 3. HP: 21/23 MP: 6/6
   820 | D:1      | Learned a level 3 spell: Spider Form
   823 | D:1      | Learned a level 2 spell: Sticks to Snakes
  1606 | D:2      | Reached XP level 4. HP: 13/28 MP: 7/7
  1642 | D:2      | HP: 1/28 [poisoned by an adder]
  2760 | D:3      | Paralysed by a potion of paralysis for 7 turns
  2800 | D:3      | Gained mutation: You are partially covered in molten scales (AC +1). [potion of beneficial mutation]
  2971 | D:3      | Reached skill level 4 in Unarmed Combat
  3050 | D:3      | Noticed Grinder
  3064 | D:3      | Paralysed by Grinder for 2 turns
  3066 | D:3      | Slain by Grinder

Action                   |  1- 3 |  4- 6 || total
-------------------------+-------+-------++-------
Melee: Unarmed           |    77 |    86 ||   163
 Cast: Beastly Appendage |     2 |     3 ||     5
       Spider Form       |     3 |     1 ||     4
  Use: Potion            |     3 |     3 ||     6
 Stab: Sleeping          |     3 |     1 ||     4
